 Dungeon Sprint DCSS version 0.27-a0-1119-gbf574a6a6b (webtiles) character file.

Game seed: 7372510619480756904

8481 mhtbhm the Eclecticist (level 11, -7/54 HPs)
             Began as a Deep Elf Fire Elementalist on May 2, 2021.
             Was the Champion of Vehumet.
             Mangled by a Brimstone Fiend (9 damage)
             ... summoned by a deep elf demonologist
             ... in the Dungeon (Sprint III: "The Ten Rune Challenge").
             The game lasted 00:06:35 (2272 turns).

mhtbhm the Eclecticist (Deep Elf Fire Elementalist) Turns: 2272, Time: 00:06:36

Health: -7/54      AC:  2    Str:  5    XL:     11   Next: 10%
Magic:  28/36      EV: 16    Int: 24    God:    Vehumet [******]
Gold:   2978       SH:  0    Dex: 15    Spells: 32/48 levels left

rFire    . . .     SeeInvis .   (no weapon)
rCold    . . .     Faith    .   (no shield)
rNeg     . . .     Spirit   .   a - +0 robe
rPois    .         Reflect  .   (no helmet)
rElec    .         Harm     .   (no cloak)
rCorr    .         Rampage  .   (no gloves)
Will     +....     NoTele   +   (no boots)
Stlth    ++........             (no amulet)
HPRegen  0.18/turn              (no ring)
MPRegen  0.25/turn              (no ring)

@: no status effects
A: no striking features
a: Renounce Religion


You were in the Dungeon.
You worshipped Vehumet.
Vehumet was exalted by your worship.
You visited 1 branch You collected 2978 gold pieces.

Inventory:

Armour
 a - a +0 robe (worn)
Scrolls
 b - 2 scrolls of torment {unknown}
 h - a scroll of blinking
 i - 3 scrolls of identify
Potions
 c - 3 potions of curing
 d - a potion of heal wounds
 e - a potion of haste
 f - a potion of magic
 g - a potion of berserk rage
 j - a potion of flight {unknown}
 k - 4 potions of mutation
 m - 2 potions of might


   Skills:
 + Level 7.7 Dodging
 - Level 3.4 Stealth
 + Level 19.3 Spellcasting
 + Level 13.1 Conjurations
 + Level 17.7 Fire Magic
 + Level 3.3 Evocations


You had 32 spell levels left.
You knew the following spells:

 Your Spells              Type           Power      Damage    Failure   Level
a - Foxfire               Conj/Fire      100%       2x1d9     0%          1
b - Conjure Flame         Conj/Fire      77%        6-21      0%          3
c - Inner Flame           Hex/Fire       60%        N/A       1%          3
d - Sticky Flame          Conj/Fire      77%        2d9       1%          4
e - Fireball              Conj/Fire      38%        3d16      1%          5

Your spell library contained the following spells:

 Spells                   Type           Power      Damage    Failure   Level
 Conjure Ball Lightning   Conj/Air       26%        3x3d7     6%          6
 Animate Skeleton         Necr           46%        N/A       1%          1
 Apportation              Tloc           46%        N/A       1%          1
 Corona                   Hex            25%        N/A       1%          1
 Summon Small Mammal      Summ           92%        N/A       1%          1
 Call Imp                 Summ           23%        N/A       3%          2
 Call Canine Familiar     Summ           23%        N/A       6%          3
 Summon Guardian Golem    Hex/Summ       23%        N/A       6%          3
 Summon Ice Beast         Ice/Summ       23%        N/A       21%         4
 Summon Lightning Spire   Summ/Air       23%        N/A       21%         4


Dungeon Overview and Level Annotations

Branches:
Dungeon (1/1)

Altars:
Cheibriados
Dithmenos
Elyvilon
Fedhas
Gozag
Hepliaklqana
Kikubaaqudgha
Makhleb
Nemelex Xobeh
Okawaru
Qazlal
Ru
Sif Muna
Trog
Uskayaw
Vehumet
Wu Jian
Xom
Yredelemnul
Zin
The Shining One
Beogh
Jiyva
Lugonu

Shops:
D (


Message History

Confirm with . or Enter, or press ? or * to list all spells.
You don't have enough magic to cast this spell.
Magic courses through your body.
The deep elf demonologist mumbles some strange words.
The Brimstone Fiend completely misses you.
The Brimstone Fiend hits you! The Brimstone Fiend misses you.
Casting: Fireball (safe; 1% risk of failure)
Confirm with . or Enter, or press ? or * to list all spells.
You can't see any susceptible monsters within range! (Use Z to cast anyway.) Unknown command.
Casting: Fireball (safe; 1% risk of failure)
Confirm with . or Enter, or press ? or * to list all spells.
You can't see any susceptible monsters within range! (Use Z to cast anyway.)
Okay, then.
You aren't carrying any items that you can evoke.
Unknown command.
Casting: Fireball (safe; 1% risk of failure)
Confirm with . or Enter, or press ? or * to list all spells.
You can't see any susceptible monsters within range! (Use Z to cast anyway.)
You aren't carrying any items that you can evoke.
The Brimstone Fiend hits you! The Brimstone Fiend misses you.
The Brimstone Fiend hits you!
Unknown command.
Casting: Fireball (safe; 1% risk of failure)
Confirm with . or Enter, or press ? or * to list all spells.
Aiming: Fireball (safe; 1% risk of failure)
Press: ? - help, Shift-Dir - straight line, f - ynoxinul, p - Brimstone Fiend
Aim: a ynoxinul (water, summoned)
The fireball explodes!
The fireball engulfs the ynoxinul!
The ynoxinul is heavily wounded.
The fireball engulfs the hellwing!!
The hellwing is severely wounded.
The ynoxinul is engulfed in a cloud of scalding steam.
The ynoxinul gestures at you. The iron shot hits you!!
* * * LOW HITPOINT WARNING * * *
The Brimstone Fiend hits you.
* * * LOW HITPOINT WARNING * * *
The Brimstone Fiend closely misses you. The Brimstone Fiend hits you!
You die...

▓▓▓▓▓▓▓▓▓
#####.##.##.######## ###
__#.#..#.##..'.#...# .§e'
._#...).....##.#...##§1≈≈#
'##.)))....###)#@..34≈e..[
..#.))......##)#.1.##≈≈≈≈#
..#.)#∩.#...##))...# 2.'
#'#)######.######### #
..#'######## ..#)§)≈§+
..#.#§§§# ..'.#.§§#
..#.#§§§#


You could see a Brimstone Fiend (summoned), a hellwing (summoned) and a ynoxinul
(summoned).

Vanquished Creatures
  A deep elf demonologist (D)
  A deep elf high priest (D)
  Erica (D)
  3 orc high priests (D)
  A deep elf knight (D)
  An orc knight (D)
  2 deep elf zephyrmancers (D)
  4 deep elf pyromancers (D)
  A shadow (D)
  A necrophage (D)
  A water elemental (D)
  A scorpion (D)
  A jelly (D)
  2 orc priests (D)
  A wizard (D)
  Jessica (D)
  A necromancer (D)
  3 orc wizards (D)
  3 humans (D)
  A kobold demonologist (D)
  9 orcs (D)
  An endoplasm (D)
  2 rats (D)
43 creatures vanquished.

Vanquished Creatures (others)
  44 foxfires (D)
44 creatures vanquished.

Grand Total: 87 creatures vanquished

Notes
Turn   | Place    | Note
-------+----------+-------------------------------------------
     0 | D        | mhtbhm the Deep Elf Fire Elementalist began the quest for
                  | the Orb.
     0 | D        | Reached XP level 1. HP: 10/10 MP: 6/6
    51 | D        | Noticed Jessica
    63 | D        | Killed Jessica
    64 | D        | Reached skill level 4 in Spellcasting
    64 | D        | Reached skill level 5 in Fire Magic
    64 | D        | Reached XP level 2. HP: 2/15 MP: 1/9
    64 | D        | Reached XP level 3. HP: 3/19 MP: 1/11
   331 | D        | Learned a level 3 spell: Conjure Flame
   335 | D        | Learned a level 3 spell: Inner Flame
   351 | D        | Reached skill level 5 in Spellcasting
   511 | D        | Noticed a scorpion
   517 | D        | Killed a scorpion
   518 | D        | Reached skill level 6 in Spellcasting
   518 | D        | Reached XP level 4. HP: 24/24 MP: 7/14
   567 | D        | Learned a level 4 spell: Sticky Flame
   576 | D        | Noticed a water elemental
   588 | D        | Killed a water elemental
   589 | D        | Reached skill level 7 in Spellcasting
   589 | D        | Reached XP level 5. HP: 28/28 MP: 8/16
   666 | D        | Learned a level 5 spell: Fireball
   669 | D        | Found a radiant altar of Vehumet.
   669 | D        | Found a shimmering blue altar of Sif Muna.
   669 | D        | Found an ancient bone altar of Kikubaaqudgha.
   672 | D        | Reached skill level 5 in Dodging
   673 | D        | Reached skill level 8 in Spellcasting
   673 | D        | Reached skill level 10 in Fire Magic
   676 | D        | Became a worshipper of Vehumet
   779 | D        | Found a glowing silver altar of Zin.
   779 | D        | Found a glowing golden altar of the Shining One.
   779 | D        | Found a white marble altar of Elyvilon.
   779 | D        | Noticed a deep elf pyromancer
   782 | D        | Killed a deep elf pyromancer
   783 | D        | Reached skill level 10 in Spellcasting
   783 | D        | Reached skill level 5 in Conjurations
   783 | D        | Reached XP level 6. HP: 32/32 MP: 4/21
   783 | D        | Reached XP level 7. HP: 36/36 MP: 4/23
   886 | D        | Found a basalt altar of Yredelemnul.
   886 | D        | Found a shadowy altar of Dithmenos.
   886 | D        | Found a sacrificial altar of Ru.
   887 | D        | Reached * piety under Vehumet
   887 | D        | Offered knowledge of Shock by Vehumet.
   888 | D        | Reached skill level 11 in Spellcasting
   919 | D        | Found a hide-covered altar of Uskayaw.
   919 | D        | Found an iron altar of Okawaru.
   919 | D        | Found a bloodstained altar of Trog.
   919 | D        | Found an ornate altar of the Wu Jian Council.
   919 | D        | Noticed a human
   919 | D        | Noticed a human
   921 | D        | Killed a human
   923 | D        | Killed a human
   924 | D        | Reached XP level 8. HP: 41/41 MP: 4/25
  1037 | D        | Reached ** piety under Vehumet
  1038 | D        | Reached skill level 12 in Spellcasting
  1039 | D        | Offered knowledge of Sandblast by Vehumet.
  1142 | D        | Found a blossoming altar of Fedhas.
  1142 | D        | Found a stormy altar of Qazlal.
  1142 | D        | Found a snail-covered altar of Cheibriados.
  1142 | D        | Found a burning altar of Makhleb.
  1142 | D        | Found a shimmering altar of Xom.
  1143 | D        | Found a hazy altar of Hepliaklqana.
  1143 | D        | Found an opulent altar of Gozag.
  1143 | D        | Found a sparkling altar of Nemelex Xobeh.
  1143 | D        | Found a corrupted altar of Lugonu.
  1143 | D        | Found a viscous altar of Jiyva.
  1286 | D        | Noticed Erica
  1291 | D        | Killed Erica
  1292 | D        | Reached skill level 13 in Spellcasting
  1391 | D        | Offered knowledge of Ignite Poison by Vehumet.
  1391 | D        | Reached *** piety under Vehumet
  1391 | D        | Noticed an orc high priest
  1393 | D        | Reached skill level 14 in Spellcasting
  1393 | D        | Reached **** piety under Vehumet
  1393 | D        | Noticed an orc high priest
  1394 | D        | Killed an orc high priest
  1395 | D        | Reached skill level 15 in Spellcasting
  1395 | D        | Reached skill level 15 in Fire Magic
  1395 | D        | Reached XP level 9. HP: 45/45 MP: 15/30
  1395 | D        | Killed an orc high priest
  1396 | D        | Reached skill level 10 in Conjurations
  1400 | D        | Reached ***** piety under Vehumet
  1400 | D        | Noticed an orc high priest
  1402 | D        | Killed an orc high priest
  1402 | D        | Noticed an orc knight
  1403 | D        | Reached skill level 16 in Spellcasting
  1408 | D        | Killed an orc knight
  1409 | D        | Reached XP level 10. HP: 19/50 MP: 3/32
  1574 | D        | Found Tism's Antique Weapon Shop.
  1659 | D        | Noticed a deep elf pyromancer
  1659 | D        | Noticed a deep elf zephyrmancer
  1659 | D        | Noticed a deep elf pyromancer
  1659 | D        | Noticed a deep elf pyromancer
  1659 | D        | Noticed a deep elf knight
  1671 | D        | Killed a deep elf pyromancer
  1671 | D        | Offered knowledge of Mephitic Cloud by Vehumet.
  1672 | D        | Reached skill level 17 in Spellcasting
  1672 | D        | Reached skill level 1 in Evocations
  1673 | D        | Killed a deep elf knight
  1673 | D        | Killed a deep elf pyromancer
  1673 | D        | Reached ****** piety under Vehumet
  1675 | D        | Killed a deep elf pyromancer
  1676 | D        | Reached skill level 18 in Spellcasting
  1676 | D        | Killed a deep elf zephyrmancer
  1844 | D        | Noticed a deep elf zephyrmancer
  1845 | D        | Noticed a deep elf demonologist
  1846 | D        | Killed a deep elf demonologist
  1846 | D        | Offered knowledge of Lee's Rapid Deconstruction by Vehumet.
  1846 | D        | Noticed a deep elf blademaster
  1848 | D        | Noticed a deep elf annihilator
  1849 | D        | Identified the +2 hand axe "Xyrih" {vorpal, Dex+2}
  1849 | D        | Noticed a deep elf high priest
  1853 | D        | Noticed a deep elf high priest
  2054 | D        | Killed a deep elf high priest
  2054 | D        | Offered knowledge of Conjure Ball Lightning by Vehumet.
  2055 | D        | Reached skill level 19 in Spellcasting
  2055 | D        | Reached XP level 11. HP: 41/54 MP: 25/36
  2078 | D        | Noticed a deep elf demonologist
  2258 | D        | Killed a deep elf zephyrmancer
  2265 | D        | Noticed a Brimstone Fiend
  2267 | D        | Noticed a green death
  2271 | D        | Noticed a Tzitzimitl
  2272 | D        | HP: 2/54 [Brimstone Fiend[a deep elf demonologist] (5)]
  2272 | D        | Mangled by a Brimstone Fiend

Illustrated notes

Levels and vault maps discovered:
D:        dungeon_sprint_mu [sprint_mu_entry_forest, sprint_mu_temple_rooms,
          sprint_mu_d1_horrors, sprint_mu_d2_genie, sprint_mu_d3_branching,
          sprint_mu_orc_legion, sprint_mu_elf_gauntlet, sprint_mu_hive_nellie,
          sprint_mu_lair_fedhas, sprint_mu_vaults_butterflies,
          sprint_mu_slime_circle, sprint_mu_swamp_cave, sprint_mu_snake_twists,
          sprint_mu_blade_basic, sprint_mu_crypt_lich, sprint_mu_tomb_spiral,
          sprint_mu_vestibule_basic, sprint_mu_gehenna_hellfire,
          sprint_mu_dis_giant, sprint_mu_tartarus_statrot,
          sprint_mu_cocytus_islands, sprint_mu_zot1]

Skill      XL: |  1  2  3  4  5  6  7  8  9 10 |
---------------+-------------------------------+-----
Fire Magic     | 5 8 9 12 13 15 16 17 | 17.7
Dodging        | 3 4 6 7 |  7.7
Stealth        | 3 |  3.4
Spellcasting   | 4 6 7 10 11 15 16 19 | 19.3
Conjurations   | 2 3 5 6 9 11 13 | 13.1
Evocations     | 3 |  3.3

Action                   |  1- 3 |  4- 6 |  7- 9 | 10-12 || total
-------------------------+-------+-------+-------+-------++-------
 Cast: Foxfire           |    21 |     2 |       |     2 ||    25
       Sticky Flame      |       |     4 |     5 |       ||     9
       Fireball          |       |     3 |    22 |    30 ||    55
Evoke: Wand              |       |       |     4 |     2 ||     6
  Use: Potion            |       |     1 |       |     1 ||     2
Armor: Robe              |     1 |       |       |       ||     1
Dodge: Dodged            |     3 |     2 |       |     5 ||    10

Table legend: (Time is in decaauts)
 A = Elapsed time spent in this place.
 B = Non-inter-level travel time spent in this place.
 C = Inter-level travel time spent in this place.
 D = Time resting spent in this place.
 E = Time spent auto-exploring this place.
 F = Levels seen in this place.
 G = Mean time per level.
                   A        B        C        D        E       F      G
               +--------+--------+--------+--------+--------+-----+--------+
         Total |   2263 |   2263 |      0 |   1810 |      0 |   1 | 2263.0 |
       Dungeon |   2263 |   2263 |      0 |   1810 |      0 |   1 | 2263.0 |
               +--------+--------+--------+--------+--------+-----+--------+

Top non-repeatable levels by time:
       D: 2263 daAuts
